 Dungeon Crawl Stone Soup version 0.28.0-53-g5a82cb258f (webtiles) character file.

Game seed: 8993343082225459897

56349 buhh the Transmogrifier (level 14, -2/151 HPs)
             Began as an Octopode Transmuter on June 17, 2022.
             Was an Elder of Cheibriados.
             Slain by a raiju (9 damage)
             ... on level 1 of the Abyss.
             The game lasted 01:07:05 (28748 turns).

buhh the Transmogrifier (Octopode Transmuter)      Turns: 28748, Time: 01:07:06

Health: -2/151     AC: 27    Str: 21      XL:     14   Next: 81%
Magic:  21/21      EV:  2    Int: 31 (32) God:    Cheibriados [****..]
Gold:   1003       SH:  0    Dex: 22      Spells: 5/17 levels left

rFire   . . .      SeeInvis +   u - +5 dagger of Cagid {flame, Int+3}
rCold   . . .      Faith    .   (no shield)
rNeg    + . .      Spirit   .   (helmet currently unavailable)
rPois   +          Reflect  +   H - amulet of reflection
rElec   .          Harm     .   y - ring of willpower
rCorr   .          Rampage  .   x - ring of see invisible
Will    ++...      NoTele   +   C - ring of wizardry
Stlth   +.........              k - ring of positive energy
HPRegen 0.00/turn               (no ring)
MPRegen 0.17/turn               (no ring)
                                (no ring)
                                (no ring)

@: confused, brilliant, tree-form, ambrosia-drunk, sick, very slow
A: stationary, stasis, torment immunity, boosted hp, almost no armour,
(amphibious), 8 rings, (camouflage 1), (gelatinous body 1), (nimble swimmer 1),
(tentacles)
a: Renounce Religion, Bend Time, Temporal Distortion, Slouch


You were on level 1 of the Abyss.
You worshipped Cheibriados.
Cheibriados was greatly pleased with you.
You were a tree.
You visited 3 branches of the dungeon, and saw 18 of its levels.
You visited the Abyss 1 time.
You also visited: Sewer.

You collected 1045 gold pieces.
You spent 42 gold pieces at shops.

Inventory:

Hand Weapons
 u - the +5 dagger of Cagid (weapon) {flame, Int+3}
   (You found it on level 7 of the Dungeon)

   It burns those it strikes, dealing additional fire damage.
   Int:       It affects your intelligence (+3).
Missiles
 i - a throwing net {!f}
 j - 30 poisoned darts
Magical Staves
 e - a staff of death
Jewellery
 k - a ring of positive energy (on tentacle)
 m - an amulet of guardian spirit
 x - a ring of see invisible (right branch)
 y - a ring of willpower (left branch)
 C - a ring of wizardry (on tentacle)
 D - an amulet of regeneration
 H - an amulet of reflection (around neck)
Wands
 a - a wand of polymorph (7)
 s - a wand of flame (9)
 v - a wand of digging (2)
 F - a wand of iceblast (5)
 G - a wand of paralysis (5)
Scrolls
 g - 4 scrolls of identify {!d}
 o - 2 scrolls of summoning {unknown}
 q - a scroll of acquirement {unknown}
 w - a scroll of enchant armour {unknown}
 z - a scroll of brand weapon {unknown}
 A - 3 scrolls of noise {unknown}
 E - a scroll of torment {unknown}
 L - a scroll of enchant weapon {unknown}
 M - a scroll of holy word {unknown}
 Q - 3 scrolls of fog
 T - 2 scrolls of immolation {!d}
Potions
 b - a potion of haste {unknown}
 d - 4 potions of attraction
 f - 3 potions of might
 h - a potion of berserk rage {!q}
 l - 2 potions of lignification {!d}
 n - 2 potions of degeneration
 p - 4 potions of heal wounds {unknown}
 r - 3 potions of flight {unknown}
 B - 3 potions of ambrosia {!q!d}
 I - a potion of cancellation {unknown}
 J - a potion of magic {!q!d}
 K - 2 potions of brilliance {!q!d}
 N - 2 potions of curing {!q!d}
 U - 3 potions of mutation {!d}


   Skills:
 - Level 11.0 Fighting
 - Level 10.0 Dodging
 - Level 1.0 Stealth
 - Level 11.0 Unarmed Combat
 - Level 2.0 Spellcasting
 - Level 4.0 Conjurations
 - Level 13.4 Transmutations
 * Level 9.0 Ice Magic
 - Level 10.0 Invocations


You had 5 spell levels left.
You knew the following spells:

 Your Spells              Type           Power      Damage    Failure   Level
a - Beastly Appendage     Tmut           100%       N/A       1%          1
b - Wereblood             Tmut           92%        N/A       1%          2
c - Ice Form              Ice/Tmut       83%        N/A       1%          4
d - Irradiate             Conj/Tmut      35%        3d25      2%          5

Your spell library contained the following spells:

 Spells                   Type           Power      Damage    Failure   Level
 Freeze                   Ice            100%       1d11      1%          1
 Shock                    Conj/Air       92%        1d8       1%          1
 Frozen Ramparts          Ice            100%       1d12      1%          3
 Spider Form              Tmut/Pois      61%        N/A       1%          3
 Hailstorm                Conj/Ice       60%        3d13      1%          4
 Petrify                  Tmut/Erth      61%        N/A       1%          4
 Slow                     Hex            16%        N/A       3%          1
 Sublimation of Blood     Necr           4%         N/A       4%          2
 Confusing Touch          Hex            4%         N/A       9%          3
 Swiftness                Air            4%         N/A       9%          3
 Vampiric Draining        Necr           4%         2d6       9%          3
 Airstrike                Air            2%         N/A       28%         4
 Summon Lightning Spire   Summ/Air       4%         N/A       28%         4
 Storm Form               Tmut/Air       30%        N/A       82%         7
 Maxwell's Capacitive Co  Air            2%         ∞         100%        8


Dungeon Overview and Level Annotations

Branches:
Dungeon (11/15)            Temple (1/1) D:5            Lair (6/6) D:9
  Swamp (0/4) Lair:4       Spider (0/4) Lair:4          Orc (0/2) D:11
  Sewer (visited)
  Slime: Lair:5-6

Altars:
Cheibriados
Dithmenos
Fedhas
Qazlal
Ru
Trog
Xom

Shops:
D:1 [   D:3 ?

Annotations:
D:4 exclusions: centaur and orc
D:5 2 transporters, 1 runed translucent door, exclusion: door, Crazy Yiuf; issech's ghost, novice MiMo
D:6 3 runed translucent doors, exclusion: 3 doors, trickyswaf's ghost, novice DEFE
D:7 exclusions: door and hornet
D:8 Joseph
D:9 exclusion: boulder beetle
D:11 Erolcha
Lair:2 exclusion: 4 oklob plants


Innate Abilities, Weirdness & Mutations

You are a tree.
Your roots penetrate the ground, keeping you stationary.
You cannot be teleported.
You are immune to unholy pain and torment.
Your maximum health is greatly increased.
You cannot wear most types of armour.
((You are amphibious.))
You can wear up to eight rings at the same time.
((Your skin changes colour to match your surroundings (Stealth+).))
((Your rubbery body absorbs attacks. (AC +1, EV +1)))
((You are camouflaged when in or above water. (Stealth+)))
((You have tentacles for arms and can constrict up to eight enemies at once.))


Message History

You cannot move.
Really quaff
N - 3 potions of curing {!q!d}?
You feel better. The starspawn tentacle grabs you.
The starspawn tentacle constricts you.
The starspawn tentacle loses its grip on you.
The tentacle pulls you backwards!
Okay, then.
Really quaff
B - 4 potions of ambrosia {!q!d}?
You are confused.
You feel invigorated.
The raiju pauses to sniff the ground.
The raiju bursts into living lightning!
The living lightning hits you but does no damage.
The raiju blinks! x2; The ancient zyme barely misses you.
The ancient zyme hits you but does no damage.
The raiju bites you but does no damage.
The tentacled starspawn bites you but does no damage.
The tentacled starspawn tentacle-slaps you but does no damage.
The ancient zyme hits you but does no damage.
The ancient zyme barely misses you.
You feel ill. The raiju bites you but does no damage.
The tentacled starspawn bites you!
* * * LOW HITPOINT WARNING * * *
The tentacled starspawn tentacle-slaps you but does no damage.
The neqoxec gestures at you.
You feel dopey. Something feeds on your intellect! The ancient zyme hits you!
* * * LOW HITPOINT WARNING * * *
The ancient zyme hits you but does no damage.
The raiju bites you but does no damage.
A tentacle flies out from the starspawn's body!
The ancient zyme hits you but does no damage. x2
A starspawn tentacle comes into view.
The raiju bites you but does no damage. The tentacled starspawn bites you!!
* * * LOW HITPOINT WARNING * * *
The tentacled starspawn tentacle-slaps you but does no damage.
The ancient zyme hits you but does no damage. x2
The raiju bites you.
* * * LOW HITPOINT WARNING * * *
The raiju shocks you!
You die...

#+# ##.## # #
... ..x ## #.#
#.# #$##♣##w##
# .#
#≈.hxXw3....ww#
#.##w##.##.##X
#/ #.## ## ##
## $.) ≈. ####
#. # # #
#x##.## # #
..≈.....≈. $ #
##.##.#


You could see a tentacled starspawn, an ancient zyme, a raiju, a neqoxec and 2
starspawn tentacles.

Vanquished Creatures
  Kirke (Lair:5)
  Josephine (D:11)
  11 hydras
  A boulder beetle (D:11)
  A catoblepas (Lair:3)
  5 death yaks (Lair:6)
  A two-headed ogre (D:8)
  A thrashing horror (Abyss:1)
  Nergalle (D:11)
  A spriggan simulacrum (Abyss:1)
  2 manticores (Lair:2)
  A cyclops (D:11)
  10 elephants
  2 black mambas (Lair:3)
  2 gargoyles
  2 unseen horrors (D:11)
  13 cane toads
  A rime drake (Lair:6)
  4 komodo dragons
  A queen bee (Lair:2)
  3 trolls
  A merfolk (Lair:5)
  4 polar bears
  19 blink frogs
  A meliai zombie (D:11)
  7 dream sheep (Lair:3)
  8 wyverns
  A ynoxinul (Abyss:1)
  A shadow (D:10)
  42 yaks
  4 spriggans (D:8)
  7 basilisks
  A fire bat (Lair:5)
  9 wraiths
  3 steam dragons
  11 water moccasins
  Pargi (Sewer)
  An acid dragon (D:8)
  8 orc warriors
  A small abomination (Abyss:1)
  2 sky beasts
  A black bear (Lair:2)
  43 wolves
  An ice beast (D:9)
  3 ogres (D:5)
  3 necrophages
  4 centaurs
  2 kobold brigands (D:8)
  A phantom (D:4)
  11 bullfrogs
  4 gnoll sergeants
  2 wyvern zombies
  3 scorpions
  48 killer bees
  6 wights (D:8)
  5 electric eels
  A howler monkey (D:5)
  A jelly (D:6)
  11 centaur zombies
  A bullfrog skeleton (D:6)
  3 hounds
  A centaur skeleton (D:4)
  8 orc priests
  Ijyb (D:4)
  4 iguanas
  8 orc wizards
  A killer bee zombie (D:6)
  A centaur simulacrum (D:9)
  A hound skeleton (D:4)
  20 gnolls
  12 adders
  A shadow imp (D:7)
  3 white imps
  2 ufetubi
  An adder zombie (D:5)
  A worm (D:4)
  A dart slug (D:3)
  38 orcs
  5 ball pythons
  4 endoplasms
  7 giant cockroaches
  8 goblins
  12 hobgoblins
  4 quokkas
  8 bats
  6 frilled lizards
  13 kobolds
  6 rats
528 creatures vanquished.

Vanquished Creatures (others)
  2 humans (Lair:5)
  67 fungi
  76 plants
  3 starspawn tentacles (Abyss:1)
148 creatures vanquished.

Grand Total: 676 creatures vanquished

Notes
Turn   | Place    | Note
-------+----------+-------------------------------------------
     0 | D:1      | buhh the Octopode Transmuter began the quest for the Orb.
     0 | D:1      | Reached XP level 1. HP: 13/13 MP: 3/3
   232 | D:1      | Found Koix's Armour Shop.
   255 | D:1      | Reached XP level 2. HP: 16/19 MP: 3/5
  1042 | D:1      | Reached XP level 3. HP: 25/25 MP: 4/6
  1554 | D:2      | Reached XP level 4. HP: 22/33 MP: 7/7
  2431 | D:2      | Learned a level 2 spell: Wereblood
  2886 | D:3      | Found Pequkk's Magic Scroll Boutique.
  2894 | D:3      | Bought a scroll of teleportation for 42 gold pieces
  2937 | D:3      | Reached XP level 5. HP: 24/38 MP: 6/8
  3227 | D:3      | Noticed a sky beast
  3232 | D:3      | Killed a sky beast
  3233 | D:3      | Reached XP level 6. HP: 46/46 MP: 7/9
  4109 | D:4      | Noticed Ijyb
  4217 | D:4      | Reached XP level 7. HP: 24/52 MP: 10/10
  4438 | D:4      | Killed Ijyb
  5015 | D:4      | Learned a level 4 spell: Ice Form
  5617 | D:5      | Entered Level 5 of the Dungeon
  5898 | D:5      | Reached skill level 3 in Transmutations
  6135 | D:5      | Reached skill level 4 in Transmutations
  6135 | D:5      | Reached XP level 8. HP: 50/57 MP: 9/11
  6283 | D:5      | Found a staircase to the Ecumenical Temple.
  6453 | D:5      | Found a transporter.
  6458 | D:5      | Found a transporter.
  6460 | D:5      | Noticed issech's ghost (novice MiMo)
  6579 | D:5      | Reached skill level 5 in Transmutations
  6885 | D:5      | Found a runed translucent door.
  6886 | D:5      | Noticed Crazy Yiuf
  7070 | D:5      | Reached skill level 6 in Transmutations
  7345 | D:6      | Found a runed translucent gate.
  7345 | D:6      | Found a runed translucent gate.
  7345 | D:6      | Found a runed translucent gate.
  7350 | D:6      | Noticed trickyswaf's ghost (novice DEFE)
  7362 | D:6      | Found a glowing drain.
  7572 | Sewer    | Entered a sewer
  7663 | Sewer    | Noticed Pargi
  7670 | Sewer    | Killed Pargi
  7671 | Sewer    | Reached skill level 7 in Transmutations
  8144 | D:6      | Reached XP level 9. HP: 62/62 MP: 12/12
  8222 | Temple   | Entered the Ecumenical Temple
  8274 | Temple   | Became a worshipper of Cheibriados the Contemplative
  9497 | D:7      | Reached skill level 8 in Transmutations
 10079 | D:7      | Identified the +5 dagger of Cagid {flame, Int+3}
 10608 | D:7      | Noticed a hornet
 10925 | D:8      | Noticed Joseph
 11103 | D:8      | Reached * piety under Cheibriados
 11667 | D:8      | Noticed a two-headed ogre
 11675 | D:8      | Killed a two-headed ogre
 11676 | D:8      | Reached XP level 10. HP: 67/71 MP: 9/13
 13747 | D:8      | Reached ** piety under Cheibriados
 14821 | D:9      | Noticed a boulder beetle
 15375 | D:9      | Reached *** piety under Cheibriados
 15390 | D:9      | Reached XP level 11. HP: 52/81 MP: 14/14
 15565 | D:9      | Reached skill level 9 in Transmutations
 15741 | D:9      | Found a staircase to the Lair.
 15750 | Lair:1   | Entered Level 1 of the Lair of Beasts
 16139 | Lair:1   | Reached **** piety under Cheibriados
 17439 | Lair:2   | Reached ***** piety under Cheibriados
 17440 | Lair:2   | Reached XP level 12. HP: 36/87 MP: 18/18
 17711 | Lair:2   | Noticed a five-headed hydra
 17715 | Lair:2   | Killed a five-headed hydra
 20161 | Lair:3   | Noticed a catoblepas
 20251 | Lair:3   | Noticed a four-headed hydra
 20265 | Lair:3   | Killed a four-headed hydra
 20658 | Lair:3   | Reached skill level 11 in Unarmed Combat
 20662 | Lair:3   | Reached XP level 13. HP: 58/92 MP: 15/19
 20663 | Lair:3   | Reached skill level 10 in Transmutations
 21659 | Lair:4   | Found a staircase to the Swamp.
 21709 | Lair:3   | Reached skill level 11 in Transmutations
 21842 | Lair:3   | You fall into a shaft and drop 2 floors!
 21874 | Lair:6   | Entered Level 6 of the Lair of Beasts
 21952 | Lair:5   | Reached skill level 12 in Transmutations
 22115 | Lair:5   | Noticed Kirke
 22128 | Lair:5   | Killed Kirke
 22915 | Lair:5   | Reached skill level 13 in Transmutations
 23585 | Lair:4   | Found a hole to the Spider Nest.
 23983 | Lair:4   | Reached skill level 11 in Fighting
 24474 | Lair:3   | Reached XP level 14. HP: 76/101 MP: 17/20
 26636 | D:10     | Entered Level 10 of the Dungeon
 26772 | D:10     | Found a bloodstained altar of Trog.
 27299 | D:10     | Learned a level 5 spell: Irradiate
 27739 | D:11     | Noticed Josephine
 27747 | D:11     | Killed Josephine
 27835 | D:11     | Found a staircase to the Orcish Mines.
 28094 | D:11     | Noticed Erolcha
 28435 | D:11     | Noticed Nergalle
 28446 | D:11     | Killed Nergalle
 28638 | D:11     | Cast into level 1 of the Abyss (Erolcha)
 28644 | Abyss:1  | Found a corrupted altar of Lugonu.
 28732 | Abyss:1  | Noticed a tentacled starspawn
 28747 | Abyss:1  | HP: 5/151 [tentacled starspawn (18)]
 28748 | Abyss:1  | Slain by a raiju

Illustrated notes

Levels and vault maps discovered:
D:1:      lemuel_arrival_rhombus, layout_basic, serial_shops, shop
D:2:      layout_basic
D:3:      layout_loops_ring, serial_shops, shop
D:4:      layout_loops_ring, kennysheep_generic_room_9, uniq_ijyb
D:5:      layout_loops_cross, minmay_temple_entry_gardened_gates,
          gammafunk_ghost_hive, kennysheep_dice, uniq_crazy_yiuf_cottage
D:6:      layout_basic, gup_sewer_entry_glass, gammafunk_ghost_necromancy,
          kennysheep_potato
D:7:      layout_loops_corners, minivault_23
D:8:      kb_forest_paths, layout_basic, st_stairs_11, minmay_misc_feat_columns,
          uniq_joseph
D:9:      layout_basic, lair_entry_dummy, enter_bailey_4, serial_ice,
          serial_ice_d, serial_ice_b, serial_ice_m, serial_ice_l,
          nicolae_straight_to_the_point
D:10:     layout_roguey, old_standard_altar
D:11:     layout_loops_ring, david_orc_2, st_stairs_13, uniq_josephine,
          uniq_nergalle, uniq_erolcha
Temple:   mainiacjoe_temple_hex_bubbles
Lair:1:   layout_misc_corridors
Lair:2:   hangedman_what_comes_after_a, layout_gridlike, minivault_26
Lair:3:   layout_layer_cave, dpeg_stationary_puzzle, lemuel_fruit_fields,
          lemuel_fruit_fields
Lair:4:   layout_roguey, swamp_mist, spider_nest_entry_web_field
Lair:5:   layout_regular_city, uniq_kirke
Lair:6:   guppyfry_lair_end_dragon, layout_gridlike,
          hangedman_lair_caniforms_friends, dpeg_slime_entry_corner,
          gauntlet_entry_generic, st_stairs_6, infiniplex_staircase_pool_2
Abyss:1:  base: Lair:4, hangedman_cross_veins

Skill      XL: |  1  2  3  4  5  6  7  8  9 10 11 12 13 14 |
---------------+-------------------------------------------+-----
Stealth        | 1 |  1.0
Fighting       | 2 3 4 5 6 7 10 11 | 11.0
Ice Magic      | 3 5 8 9 |  9.0
Transmutations | 4 7 8 9 13 | 13.4
Unarmed Combat | 5 6 8 11 | 11.0
Invocations    | 8 10 | 10.0
Dodging        | 3 7 8 10 | 10.0
Conjurations   | 4 |  4.0
Spellcasting   | |  2.0

Action                   |  1- 3 |  4- 6 |  7- 9 | 10-12 | 13-15 || total
-------------------------+-------+-------+-------+-------+-------++-------
Melee: Unarmed           |    67 |   105 |   295 |   551 |   389 ||  1407
       Constrict         |    21 |    29 |    19 |     2 |       ||    71
       Tentacles         |    12 |    12 |    23 |     1 |       ||    48
       Kick              |    17 |    34 |    28 |       |       ||    79
       Punch             |     3 |     5 |     4 |     2 |       ||    14
       Dagger            |       |       |       |     4 |     4 ||     8
 Cast: Beastly Appendage |    21 |    27 |    24 |       |     2 ||    74
       Ice Form          |       |       |    35 |    74 |    69 ||   178
       Wereblood         |       |       |     5 |     7 |     4 ||    16
       Irradiate         |       |       |       |       |    12 ||    12
Invok: Slouch            |       |       |       |     5 |    11 ||    16
Evoke: Wand              |       |    12 |    14 |     4 |     9 ||    39
  Use: Scroll            |       |     3 |     5 |     8 |     6 ||    22
       Potion            |       |     1 |       |     2 |     8 ||    11
 Stab: Sleeping          |     7 |     6 |     5 |       |     1 ||    19
       Distracted        |       |       |       |     1 |       ||     1
       Invisible         |       |       |       |       |     7 ||     7
       Held in net/web   |       |       |       |       |     1 ||     1
Armor: Skin              |     8 |     7 |    85 |   197 |   184 ||   481
Dodge: Dodged            |    34 |    52 |   170 |   280 |   337 ||   873
Block: Other             |       |       |       |   126 |    99 ||   225
       Reflection        |       |       |       |     2 |     1 ||     3
